 Dungeon Crawl Stone Soup version 0.24-a0-244-ga6a6ab7 (webtiles) character file.

Game seed: 1866984604617108875

16109 Priap the Slicer (level 12, -5/95 HPs)
             Began as a Black Draconian Fire Elementalist on Apr 11, 2019.
             Was a Priest of Dithmenos.
             Slain by a death knight
             ... wielding a +0 battleaxe
              (29 damage)
             ... on level 12 of the Dungeon.
             The game lasted 00:47:06 (13411 turns).

Priap the Slicer (DrFE)                            Turns: 13411, Time: 00:47:07

Health: -5/95      AC:  9    Str: 10    XL:     12   Next: 7%
Magic:  17/25      EV: 17    Int: 21    God:    Dithmenos [***...]
Gold:   172        SH:  0    Dex: 19    Spells: 13/26 levels left

rFire    . . .     SeeInvis .   K - +10 dagger "Uddothruaddu" {pierce, rPois rC++ Dex+2 Stlth+}
rCold    + + .     Gourm    +   (no shield)
rNeg     . . .     Faith    .   (armour unavailable)
rPois    +         Spirit   .   (helmet restricted)
rElec    +         Reflect  .   (no cloak)
rCorr    .         Harm     .   (no gloves)
MR       +....                  O - +0 pair of boots {run}
Stlth    +++++++...             j - amulet of the gourmand
HPRegen  0.25/turn              G - +5 ring of intelligence
MPRegen  0.19/turn              n - ring of protection from magic

@: flying, wreathed by umbra, quick
A: breathe lightning, unfitting armour, big wings, horns 1, talons 1, high mp 1,
electricity resistance, cold-blooded, AC +8
a: Breathe Lightning, Stop Flying, Shadow Step, Renounce Religion


You were on level 12 of the Dungeon.
You worshipped Dithmenos.
Dithmenos was most pleased with you.
You were full.

You visited 2 branches of the dungeon, and saw 13 of its levels.
You also visited: Sewer.

You collected 490 gold pieces.
You spent 318 gold pieces at shops.

Inventory:

Hand Weapons
 D - the +8 long sword of Qeoboe Cixe {flame, Int+2}
   (You found it on level 5 of the Dungeon)

   It has been specially enchanted to burn those struck by it, causing extra
   injury to most foes and up to half again as much damage against particularly
   susceptible opponents.
   Big, fiery blades are also staple armaments of hydra-hunters.
   It affects your intelligence (+2).
 F - the +6 great sword of Heckel {slice, Str+3}
   (You found it on level 6 of the Dungeon)

   It inflicts extra damage upon your enemies.
   It affects your strength (+3).
 K - the +10 dagger "Uddothruaddu" (weapon) {pierce, rPois rC++ Dex+2 Stlth+}
   (You found it on level 6 of the Dungeon)

   It inflicts extra damage upon your enemies.
   It affects your dexterity (+2).
   It greatly protects you from cold.
   It protects you from poison.
   It makes you more stealthy.
Missiles
 l - 434 stones
 y - 8 tomahawks (quivered)
 R - a throwing net
 S - 3 steel tomahawks
Armour
 s - a scarf of spirit shield
 u - a +2 pair of boots
 z - a +2 cloak
 O - a +0 pair of boots of running (worn)
Jewellery
 h - an uncursed ring of positive energy
 j - an amulet of the gourmand (around neck)
 n - a ring of protection from magic (right hand)
 o - a +2 ring of dexterity
 v - a +5 ring of intelligence
 B - a +3 ring of strength
 G - a +5 ring of intelligence (left hand)
Wands
 A - a wand of flame (83)
 P - a wand of disintegration (31)
Scrolls
 d - 6 scrolls of enchant weapon
 e - 2 scrolls of fog
 f - 4 scrolls of identify
 g - a scroll of teleportation
 i - a scroll of fear
 q - 3 scrolls of enchant armour
 r - a scroll of random uselessness {unknown}
 t - 7 scrolls of remove curse
 C - 2 scrolls of amnesia
 E - a scroll of immolation {unknown}
 H - 3 scrolls of blinking {unknown}
 M - a scroll of silence {unknown}
 Q - a scroll of magic mapping {unknown}
Potions
 a - a potion of magic {unknown}
 c - a potion of mutation
 k - a potion of brilliance {unknown}
 m - 4 potions of haste
 p - 7 potions of curing
 w - a potion of heal wounds
 x - 3 potions of flight
 I - a potion of invisibility
 J - a potion of might {unknown}
 L - a potion of agility {unknown}
 N - 2 potions of cancellation {unknown}
Comestibles
 b - 19 rations


   Skills:
 + Level 5.6 Fighting
 * Level 9.1(9.2) Short Blades
 - Level 2.2(6.2) Long Blades
 + Level 6.2 Dodging
 + Level 7.4 Stealth
 * Level 7.5 Spellcasting
 * Level 7.8 Conjurations
 * Level 8.4 Fire Magic


You had 13 spell levels left.
You knew the following spells:

 Your Spells              Type           Power        Failure   Level  Hunger
a - Flame Tongue          Conj/Fire      #####        1%          1    None
b - Conjure Flame         Conj/Fire      #####...     1%          3    None
c - Sticky Flame          Conj/Fire      #####...     3%          4    ###....
d - Fireball              Conj/Fire      #####.....   9%          5    #####..

Your spell library contained the following spells:

 Spells                   Type           Power        Failure   Level  Hunger
 Throw Flame              Conj/Fire      #####.       1%          2    None
 Inner Flame              Hex/Fire       ####....     4%          3    None


Dungeon Overview and Level Annotations

Branches:
Dungeon (12/15)            Temple (1/1) D:7
   Lair: D:8-11         Orc: D:9-12

Altars:
Ashenzari
Cheibriados
Dithmenos
Elyvilon
Fedhas
Gozag
Hepliaklqana
Kikubaaqudgha
Makhleb
Nemelex Xobeh
Okawaru
Qazlal
Ru
Sif Muna
Trog
Uskayaw
Vehumet
Wu Jian
Xom
Yredelemnul
Zin
The Shining One

Shops:
D:6 *   D:8 [}!(

Portals:
Trove: D:12 (give +4 demon trident)

Annotations:
D:2 1 runed translucent door, Crazy Yiuf
D:5 1 runed translucent door, nikopol's ghost, novice DEFE
D:9 2 runed translucent doors


Innate Abilities, Weirdness & Mutations

You can breathe wild blasts of lightning.
Your glossy black scales are hard. (AC +8)
You cannot fit into any form of body armour.
You are resistant to electric shocks. (rElec)
You are cold-blooded and may be slowed by cold attacks.
Your large and strong wings let you fly indefinitely.
You have a pair of small horns on your head.
You have sharp toenails.
You have an increased reservoir of magic. (+10% MP)


Message History

The death knight burns!
The death knight burns!
The death knight stops burning.
The death knight calls down the wrath of Yredelemnul upon you.
You easily resist.
The death knight invokes the aid of Yredelemnul against you.
Your body is wracked with pain!
* * * LOW HITPOINT WARNING * * *
The death knight calls down the wrath of Yredelemnul upon you.
You easily resist.
Casting: Sticky Flame (safe; 3% risk of failure)
Confirm with . or Enter, or press ? or * to list all spells.
Aiming: Sticky Flame (safe; 3% risk of failure)
Press: ? - help, Shift-Dir - straight line, f/p - death knight
Aim: a death knight, wielding a +0 battleaxe and wearing a +0 chain mail (severely wounded, umbra)
The sticky flame hits the death knight but does no damage.
The death knight is severely wounded.
The death knight is covered in liquid flames!
The death knight burns!
The death knight hits you with a +0 battleaxe!!
You die...

......# #..# #.......#
......# #..####.......#
......# #....)...######
......# #........#
......# #..####..#
......# #..# #..#
.....J# #..# #..#
......# #..# #..#
......####.p# #@.#
Z...........# #p.#
............####..######
...#######.............#
... #.............# ..
#..####..###### . #..#
#..# . ....# #..# .....#
#..#


You could see a death knight (burning).

Vanquished Creatures
  A hydra (D:11)
  Erica (D:8)
  2 two-headed ogres
  A queen ant (D:10)
  Joseph (D:7)
  2 hornets
  2 hippogriffs
  5 slime creatures (D:12)
  13 yaks
  A hungry ghost (D:12)
  Menkaure (D:7)
  2 vampire mosquitoes (D:12)
  17 soldier ants
  A water moccasin (D:9)
  Duvessa (D:7)
  3 orc warriors
  3 ice beasts
  3 sky beasts
  A black bear (D:8)
  An eye of draining (D:11)
  3 phantoms
  2 necrophages
  4 ogres
  7 centaurs
  2 big kobolds
  5 bullfrogs
  A gnoll sergeant (D:7)
  Dowan (D:7)
  3 scorpions
  6 killer bees (D:12)
  3 howler monkeys
  A bullfrog zombie (D:9)
  4 crimson imps
  4 centaur zombies
  A quasit (D:9)
  5 hounds
  4 jellies
  A bullfrog skeleton (D:8)
  5 orc priests
  Terence (D:2)
  3 iguanas
  8 orc wizards
  28 worker ants
  A hound skeleton (D:7)
  7 gnolls
  2 howler monkey skeletons
  12 adders
  2 river rats (D:4)
  3 shadow imps
  2 oozes
  4 adder skeletons
  4 worms
  7 leopard geckos
  36 orcs
  3 ball pythons
  11 bats
  6 giant cockroaches
  6 goblins
  10 hobgoblins
  7 jackals
  6 quokkas
  3 frilled lizards
  A goblin zombie (D:12)
  A hobgoblin zombie (D:12)
  A jackal skeleton (D:4)
  9 kobolds
  3 leopard gecko skeletons
  A leopard gecko zombie (D:6)
  A quokka zombie (D:5)
  15 rats
328 creatures vanquished.

Notes
Turn   | Place    | Note
-------+----------+-------------------------------------------
     0 | D:1      | Priap the Draconian Fire Elementalist began the quest for
                  | the Orb.
     0 | D:1      | Reached XP level 1. HP: 14/14 MP: 3/3
   327 | D:1      | Reached XP level 2. HP: 20/20 MP: 3/5
   974 | D:1      | Reached XP level 3. HP: 25/26 MP: 2/6
  1194 | D:1      | Learned a level 3 spell: Conjure Flame
  1614 | D:2      | Noticed Terence
  2024 | D:2      | Reached XP level 4. HP: 33/33 MP: 4/7
  2125 | D:2      | Found a runed translucent door.
  2126 | D:2      | Noticed Crazy Yiuf
  2186 | D:2      | Killed Terence
  3053 | D:2      | Learned a level 4 spell: Sticky Flame
  3056 | D:3      | Reached XP level 5. HP: 39/39 MP: 6/9
  3768 | D:4      | Found a glowing drain.
  3798 | D:4      | Reached XP level 6. HP: 30/46 MP: 0/10
  3912 | Sewer    | Entered a sewer
  3988 | Sewer    | Reached skill level 1 in Fighting
  4012 | Sewer    | Found a white marble altar of Elyvilon.
  4207 | D:3      | Your scales start taking on a glossy black colour.
  4207 | D:3      | Reached XP level 7. HP: 43/52 MP: 7/12
  4207 | D:3      | Gained mutation: You are resistant to electric shocks.
                  | (rElec) [Black Draconian growth]
  4689 | D:5      | Entered Level 5 of the Dungeon
  4706 | D:5      | Reached skill level 5 in Fire Magic
  5078 | D:5      | Found an ornate altar of the Wu Jian Council.
  5189 | D:5      | Reached XP level 8. HP: 19/61 MP: 12/14
  5610 | D:5      | Found a sacrificial altar of Ru.
  5614 | D:5      | Found a runed translucent door.
  5664 | D:5      | Noticed nikopol's ghost (novice DEFE)
  6096 | D:5      | Got a jewelled long sword
  6097 | D:5      | Identified the +8 long sword of Qeoboe Cixe {flame, Int+2}
                  | (You found it on level 5 of the Dungeon)
  6854 | D:6      | Found a shattered altar of Ashenzari.
  6861 | D:6      | Learned a level 5 spell: Fireball
  6863 | D:6      | Found an opulent altar of Gozag.
  6866 | D:6      | Found a bloodstained altar of Trog.
  6928 | D:6      | Found an ancient bone altar of Kikubaaqudgha.
  6937 | D:6      | Reached skill level 1 in Long Blades
  6942 | D:6      | Reached skill level 5 in Spellcasting
  6983 | D:6      | Found Wuattieb's Assorted Antiques.
  6992 | D:6      | Bought 2 fizzy black potions for 39 gold pieces
  6992 | D:6      | Bought 2 blue potions for 39 gold pieces
  7318 | D:6      | Found a hazy altar of Hepliaklqana.
  7329 | D:6      | Got a slimy great sword
  7330 | D:6      | Identified the +6 great sword of Heckel {slice, Str+3} (You
                  | found it on level 6 of the Dungeon)
  7360 | D:6      | Got a transparent dagger
  7361 | D:6      | Identified the +10 dagger "Uddothruaddu" {pierce, rPois
                  | rC++ Dex+2 Stlth+} (You found it on level 6 of the Dungeon)
  7735 | D:7      | Reached skill level 1 in Short Blades
  7745 | D:7      | Noticed Menkaure
  7752 | D:7      | Killed Menkaure
  7752 | D:7      | Reached XP level 9. HP: 60/70 MP: 16/16
  7790 | D:7      | Noticed Dowan
  7792 | D:7      | Noticed Duvessa
  7817 | D:7      | Killed Duvessa
  7817 | D:7      | Reached skill level 2 in Short Blades
  7819 | D:7      | Reached skill level 5 in Conjurations
  7982 | D:7      | Killed Dowan
  8095 | D:7      | Reached skill level 3 in Short Blades
  8320 | D:7      | Noticed Joseph
  8339 | D:7      | Killed Joseph
  8339 | D:7      | Reached skill level 4 in Short Blades
  8339 | D:7      | Reached skill level 5 in Dodging
  8339 | D:7      | Reached skill level 5 in Stealth
  8485 | D:7      | Found a hazy altar of Hepliaklqana.
  8649 | D:7      | Found a staircase to the Ecumenical Temple.
  8655 | Temple   | Entered the Ecumenical Temple
  8782 | Temple   | Became a worshipper of Dithmenos the Shadowed
  8930 | D:8      | Found Eblerij's Gadget Shop.
  9006 | D:8      | Found Bigorur's Weapon Shoppe.
  9007 | D:8      | Found Daceget's Distillery.
  9008 | D:8      | Noticed Erica
  9021 | D:8      | Reached XP level 10. HP: 33/79 MP: 2/18
  9028 | D:8      | Killed Erica
  9028 | D:8      | Reached skill level 5 in Short Blades
  9248 | D:8      | Bought 2 potions of mutation for 240 gold pieces
  9248 | D:8      | Gained mutation: You have large cloven feet. [potion of
                  | mutation]
  9248 | D:8      | Gained mutation: You have a pair of small horns on your
                  | head. [potion of mutation]
  9248 | D:8      | Gained mutation: You have hoof-like feet. [potion of
                  | mutation]
  9248 | D:8      | Gained mutation: You have a pair of horns on your head.
                  | [potion of mutation]
  9249 | D:8      | Lost mutation: You have a pair of horns on your head.
                  | [potion of mutation]
  9249 | D:8      | Lost mutation: You have hoof-like feet. [potion of
                  | mutation]
  9249 | D:8      | Lost mutation: You have large cloven feet. [potion of
                  | mutation]
  9249 | D:8      | Gained mutation: You have a pair of horns on your head.
                  | [potion of mutation]
  9249 | D:8      | Gained mutation: You have sharp toenails. [potion of
                  | mutation]
  9250 | D:8      | Lost mutation: You have a pair of horns on your head.
                  | [potion of mutation]
  9250 | D:8      | Gained mutation: You have an increased reservoir of magic.
                  | (+10% MP) [potion of mutation]
  9250 | D:8      | Gained mutation: Your large and strong wings let you fly
                  | indefinitely. [potion of mutation]
  9432 | D:8      | Found Jugganeo's Antique Armour Shoppe.
  9670 | D:9      | Found a glowing silver altar of Zin.
  9780 | D:9      | Reached * piety under Dithmenos
  9846 | D:9      | Found a runed translucent door.
  9909 | D:9      | Reached skill level 6 in Short Blades
 10210 | D:9      | Found a runed translucent door.
 10562 | D:9      | Noticed an orc knight
 10562 | D:9      | Noticed a yaktaur captain
 10562 | D:9      | Noticed a red ugly thing
 10562 | D:9      | Noticed a two-headed ogre
 10580 | D:9      | Killed a two-headed ogre
 10854 | D:10     | Entered Level 10 of the Dungeon
 10872 | D:10     | Reached skill level 7 in Short Blades
 11104 | D:10     | Noticed a two-headed ogre
 11177 | D:10     | Reached XP level 11. HP: 85/85 MP: 17/22
 11187 | D:10     | Killed a two-headed ogre
 11187 | D:10     | Reached skill level 5 in Fighting
 11559 | D:10     | Reached ** piety under Dithmenos
 11743 | D:10     | Reached skill level 8 in Short Blades
 11941 | D:10     | Noticed a queen ant
 11994 | D:10     | Killed a queen ant
 12039 | D:10     | Reached *** piety under Dithmenos
 12273 | D:10     | Identified a +0 pair of boots of running (You found it on
                  | level 10 of the Dungeon)
 12513 | D:11     | Noticed a six-headed hydra
 12544 | D:11     | Killed a six-headed hydra
 12824 | D:11     | You are sucked into a shaft!
 12943 | D:12     | Found a portal to a secret trove of treasure.
 13160 | D:12     | Reached XP level 12. HP: 90/94 MP: 19/25
 13161 | D:12     | Reached skill level 9 in Short Blades
 13363 | D:12     | Noticed a death knight
 13411 | D:12     | Slain by a death knight

Levels and vault maps discovered:
D:1:      ncdulo_halloftheorcs, layout_basic
D:2:      layout_loops_ring, grunt_ministairs_6, uniq_terence,
          uniq_crazy_yiuf_cottage
D:3:      layout_basic
D:4:      layout_cave_pools, portal_sewer_entry_c, first_ration, minivault_19
D:5:      layout_layer_cave, lemuel_crystal_altar, basic_altar,
          ebering_ghost_sewer_d, mrwooster_statue_mirror
D:6:      layout_loops_corners, lemuel_doored_altar,
          grunt_temple_overflow_diamond, serial_shops, shop, basic_altar
D:7:      layout_gridville, lemuel_coloured_pillars_altar, temple_green,
          uniq_duvessa, uniq_joseph, uniq_menkaure
D:8:      layout_rooms, serial_shops, nicolae_shop_window_shopping, shop, shop,
          shop, uniq_erica
D:9:      cheibrodos_histonic, layout_basic, overflow_temple_1_default,
          grunt_ogre_cave, wad_scary_box
D:10:     layout_cave_pools, zaba_anthell
D:11:     layout_cave_pools, dpeg_lair_monsters, kennysheep_diamond,
          kennysheep_nub, hangedman_tree_tricks, kennysheep_cluttered_room
D:12:     layout_small_grid, zombieorc2_lemuel, nicolae_trove_entry_crystal,
          drop_trap
Temple:   regret_index_temple_waves
Sewer:    sewer_kobolds

Skill      XL: |  1  2  3  4  5  6  7  8  9 10 11 12 |
---------------+-------------------------------------+-----
Dodging        | 2 3 4 5 6 |  6.2
Stealth        | 2 3 4 5 6 7 |  7.4
Conjurations   | 2 3 4 5 6 7 |  7.8
Fire Magic     | 4 5 6 7 8 |  8.4
Spellcasting   | 3 4 5 6 7 |  7.5
Fighting       | 1 2 3 4 5 |  5.6
Long Blades    | 2 |  2.2
Short Blades   | 1 4 7 8 9 |  9.1

Action                   |  1- 3 |  4- 6 |  7- 9 | 10-12 || total
-------------------------+-------+-------+-------+-------++-------
Melee: Unarmed           |     1 |       |       |       ||     1
       Dagger            |    13 |       |   125 |   386 ||   524
       Tailslap          |     2 |     4 |    23 |    55 ||    84
       Short sword       |     6 |    29 |       |       ||    35
       Morningstar       |       |    33 |    40 |       ||    73
       Long sword        |       |       |    24 |       ||    24
       Headbutt          |       |       |       |    68 ||    68
Throw: Stone             |       |     1 |       |     3 ||     4
       Tomahawk          |       |     2 |     1 |     8 ||    11
 Cast: Flame Tongue      |    76 |    91 |    91 |    19 ||   277
       Sticky Flame      |       |     1 |    15 |    34 ||    50
       Fireball          |       |       |     2 |     7 ||     9
       Conjure Flame     |       |       |       |     3 ||     3
 Abil: Breathe Lightning |       |       |     8 |     1 ||     9
       Fly               |       |       |       |     1 ||     1
  Use: Scroll            |       |     8 |     6 |     4 ||    18
       Potion            |       |       |       |     6 ||     6
 Stab: Sleeping          |     1 |     2 |     8 |    15 ||    26
       Distracted        |       |       |     1 |     4 ||     5
       Invisible         |       |       |       |     9 ||     9
  Eat: Chunk             |     5 |    16 |    18 |    18 ||    57
Armor: Skin              |    13 |    36 |   113 |    70 ||   232
Dodge: Dodged            |    24 |    83 |   220 |   225 ||   552
       Rpst.: Long sword |       |       |    10 |       ||    10

Table legend:
 A = Non-vault XP
 B = Vault XP
 C = Vault XP percentage of total XP
 D = Non-vault monster count
 E = Vault monster count
 F = Vault count percentage of total count
                 A         B        C        D         E       F
            +---------+---------+-------+---------+---------+-------
      Total |   15601 |    7413 |  32.2 |     258 |      70 |  21.3
            +---------+---------+-------+---------+---------+-------
        D:1 |      43 |       0 |   0.0 |      27 |       0 |   0.0
        D:2 |      89 |      39 |  30.5 |      27 |       3 |  10.0
        D:3 |     187 |       0 |   0.0 |      17 |       0 |   0.0
        D:4 |     368 |      34 |   8.5 |      17 |       7 |  29.2
        D:5 |     837 |       0 |   0.0 |      20 |       0 |   0.0
        D:6 |     851 |       0 |   0.0 |      30 |       0 |   0.0
        D:7 |    1346 |     882 |  39.6 |      30 |       4 |  11.8
        D:8 |    1151 |     929 |  44.7 |      20 |       1 |   4.8
        D:9 |    1662 |    1165 |  41.2 |      24 |       4 |  14.3
       D:10 |    3756 |    4124 |  52.3 |      18 |      40 |  69.0
       D:11 |    1803 |       0 |   0.0 |       5 |       0 |   0.0
       D:12 |    3508 |     131 |   3.6 |      23 |       3 |  11.5
      Sewer |       0 |     109 | 100.0 |       0 |       8 | 100.0
            +---------+---------+-------+---------+---------+-------
